 Dungeon Crawl Stone Soup version 0.25-a0-667-gb977e01cb5 (webtiles) character file.

Game seed: 3368121258464078255, levelgen mode: deterministic

268 ReteAZ the Ruffian (level 6, -3/52 (53) HPs)
             Began as a Ghoul Fighter on Mar 27, 2020.
             Slain by an ogre
             ... wielding a +0 giant club
              (9 damage)
             ... on level 4 of the Dungeon.
             The game lasted 00:07:48 (3547 turns).

ReteAZ the Ruffian (Ghoul Fighter)                  Turns: 3547, Time: 00:07:49

HP:   -3/52 (53)    AC:  9    Str: 21    XL:     6   Next: 21%
MP:   5/5           EV:  7    Int:  4    God:
Gold: 238           SH:  9    Dex:  8    Spells: 5/5 levels left

rFire    . . .     SeeInvis .     - Unarmed
rCold    + . .     Gourm    .   b - +0 kite shield
rNeg     + + +     Faith    .   a - +0 scale mail
rPois    ∞         Spirit   .   w - +0 hat
rElec    .         Reflect  .   t - +0 cloak
rCorr    .         Harm     .   k - +0 pair of gloves
MR       .....                  (no boots)
Stlth    ..........             (no amulet)
HPRegen  0.00/turn              (no ring)
MPRegen  0.09/turn              (no ring)

@: rotting
A: rotting body, claws 1, carnivore, cold resistance 1, negative energy
resistance 3, inhibited regeneration, torment resistance, unbreathing
a: no special abilities


You were on level 4 of the Dungeon.
You were not hungry.

You visited 1 branch of the dungeon, and saw 4 of its levels.

You collected 238 gold pieces.

Inventory:

Missiles
 u - 18 boomerangs (quivered)
Armour
 a - a +0 scale mail (worn)
 b - a +0 kite shield (worn)
 k - a +0 pair of gloves (worn)
 t - a +0 cloak (worn)
 w - a +0 hat (worn)
Jewellery
 f - a cursed -2 ring of evasion {unknown}
 n - an uncursed ring of wizardry
 r - an uncursed ring of positive energy {unknown}
Wands
 p - a wand of flame (4)
Scrolls
 e - 2 scrolls of enchant weapon {unknown}
 g - 5 scrolls of identify {unknown}
 h - 2 scrolls of random uselessness {unknown}
 l - 3 scrolls of fog {unknown}
 m - a scroll of fear {unknown}
 s - 2 scrolls of remove curse {unknown}
 x - a scroll of teleportation {unknown}
Potions
 c - a potion of might
 i - a potion of ambrosia {unknown}
 j - 2 potions of mutation {unknown}
 q - a potion of resistance {unknown}
 v - a potion of magic {unknown}
 z - a potion of brilliance {unknown}
Comestibles
 d - 7 rations


   Skills:
 + Level 4.4 Fighting
 + Level 3.5 Armour
 + Level 3.7 Shields
 * Level 4.6 Unarmed Combat


You had 5 spell levels left.
You didn't know any spells.
Your spell library contained the following spells:

 Spells                   Type           Power        Failure   Level  Hunger
 Magic Dart               Conj           #...         100%        1    ##.....
 Blink                    Tloc           N/A          100%        2    ###....
 Call Imp                 Summ           #.......     100%        2    ###....
 Slow                     Hex            #.......     100%        2    ###....
 Conjure Flame            Conj/Fire      #.......     100%        3    ####...
 Mephitic Cloud           Conj/Pois/Air  #.......     100%        3    ####...


Dungeon Overview and Level Annotations

Branches:
Dungeon (4/15)
 Temple: D:4-7

Altars:
Cheibriados
Qazlal
Sif Muna
Wu Jian

Annotations:
D:3 1 exclusion


Innate Abilities, Weirdness & Mutations

Your body is rotting away.
You thrive on raw meat.
You are immune to poison.
You have sharp fingernails.
You are carnivorous and can eat meat at any time.
Your flesh is cold resistant. (rC+)
You are immune to negative energy. (rN+++)
You do not regenerate when monsters are visible.
You are immune to unholy pain and torment.
You can survive without breathing.


Message History

The ogre is severely wounded.
You hit the ogre.
The ogre is severely wounded.
The ogre hits you with a +0 giant club.
* * * LOW HITPOINT WARNING * * *
An adder comes into view.
You hit the ogre but do no damage.
The ogre is severely wounded.
You block the ogre's attack.
Your shield prevents you from hitting the ogre.
The ogre is severely wounded.
The ogre hits you with a +0 giant club!
* * * LOW HITPOINT WARNING * * *
You punch the ogre!
The ogre is almost dead.
The adder bites you but does no damage.
You hit the ogre but do no damage.
The ogre is almost dead.
The ogre hits you with a +0 giant club!
You die...

...#........
...#........ .... ...#
...... ... #### .... ..
...####'###+## #'#
...##...##...####..#####
.........#..............
...<)....'.....SO.......
..÷.÷....#......@†......
.####..<###....###...$##
#.(.###....### ...#
..............# ..#
................# .+
................# #
....############# ####


You could see an ogre and an adder.

Vanquished Creatures
  An orc wizard (D:3)
  A worker ant (D:4)
  3 gnolls
  8 adders
  2 worms (D:3)
  4 dart slugs
  5 leopard geckos
  9 orcs
  2 ball pythons
  12 bats
  5 giant cockroaches
  15 goblins
  7 hobgoblins
  4 kobolds
  4 quokkas
  3 frilled lizards
  7 rats
92 creatures vanquished.

Notes
Turn   | Place    | Note
-------+----------+-------------------------------------------
     0 | D:1      | ReteAZ the Ghoul Fighter began the quest for the Orb.
     0 | D:1      | Reached XP level 1. HP: 19/19 MP: 0/0
   273 | D:1      | Reached XP level 2. HP: 14/26 MP: 1/1
   600 | D:1      | Reached XP level 3. HP: 31/31 MP: 2/2
  1242 | D:2      | Reached XP level 4. HP: 39/40 MP: 3/3
  1438 | D:2      | Found a snail-covered altar of Cheibriados.
  2160 | D:3      | Reached XP level 5. HP: 37/46 MP: 4/4
  2438 | D:3      | Found an ornate altar of the Wu Jian Council.
  2579 | D:3      | Found a faded altar of an unknown god.
  2834 | D:3      | Noticed a fire elemental
  2835 | D:3      | Found a stormy altar of Qazlal.
  2836 | D:3      | Noticed an air elemental
  2836 | D:3      | Noticed a water elemental
  2954 | D:3      | Found a shimmering blue altar of Sif Muna.
  2999 | D:3      | Reached XP level 6. HP: 13/53 MP: 5/5
  3313 | D:4      | Noticed a hornet
  3547 | D:4      | Slain by an ogre

Levels and vault maps discovered:
D:1:      lightli_iron_boxes, layout_loops_ring, solitary_fountain
D:2:      minmay_alternating_diamond, layout_basic, kennysheep_slug_shrine
D:3:      layout_loops_ring, led_sif_book, lemuel_coloured_pillars_altar,
          chequers_ecumenical_altar_island, nicolae_qazlal_style_of_elements
D:4:      kennysheep_spiral_hall, layout_gridville, first_ration

Skill      XL: |  1  2  3  4  5 |
---------------+----------------+-----
Shields        | 3 |  3.7
Armour         | 3 |  3.5
Unarmed Combat | 3 4 |  4.6
Fighting       | 4 |  4.4

Action                   |  1- 3 |  4- 6 || total
-------------------------+-------+-------++-------
Melee: Unarmed           |   190 |   312 ||   502
Evoke: Wand              |       |    12 ||    12
  Eat: Chunk             |    14 |    24 ||    38
Armor: Scale mail        |   100 |   132 ||   232
Dodge: Dodged            |    62 |    87 ||   149
Block: Kite shield       |   101 |   162 ||   263

Table legend:
 A = Non-vault XP
 B = Vault XP
 C = Vault XP percentage of total XP
 D = Non-vault monster count
 E = Vault monster count
 F = Vault count percentage of total count
                 A         B        C        D         E       F
            +---------+---------+-------+---------+---------+-------
      Total |     330 |      54 |  14.1 |      85 |       7 |   7.6
            +---------+---------+-------+---------+---------+-------
        D:1 |      47 |       0 |   0.0 |      24 |       0 |   0.0
        D:2 |     115 |      15 |  11.5 |      27 |       6 |  18.2
        D:3 |     109 |      39 |  26.4 |      28 |       1 |   3.4
        D:4 |      59 |       0 |   0.0 |       6 |       0 |   0.0
            +---------+---------+-------+---------+---------+-------
